 Dungeon Crawl Stone Soup version 0.27.1-4-g1640c2035a (webtiles) character file.

Game seed: 12850153790921352922

53 Descartes the Sneak (level 3, 0/12 (16) HPs)
             Began as a Felid Wanderer on Nov 2, 2021.
             Slain by an orc (1 damage)
             ... on level 1 of the Dungeon.
             The game lasted 00:02:30 (2170 turns).

Descartes the Sneak (Felid Wanderer)                Turns: 2170, Time: 00:02:30

HP:   0/12 (16)     AC:  1    Str:  8    XL:     3   Next: 62%
MP:   7/7           EV: 17    Int: 12    God:
Gold: 38            SH:  0    Dex: 17    Spells: 6/6 levels left
                                        Lives: 0   Deaths: 0

rFire    . . .     SeeInvis +     - Unarmed
rCold    . . .     Faith    .   (shield unavailable)
rNeg     . . .     Spirit   .   (armour unavailable)
rPois    .         Reflect  .   (helmet unavailable)
rElec    .         Harm     .   (cloak unavailable)
rCorr    .         Rampage  .   (gloves unavailable)
Will     .....                  (boots unavailable)
Stlth    +++.......             (no amulet)
HPRegen  0.04/turn              (no ring)
MPRegen  0.10/turn              (no ring)

@: very heavily drained, quick
A: very small, claws 1, fangs 3, see invisible, speed 1, shaggy fur 1, stealthy
paws, no weapons or thrown items, no armour, multi-lived
a: no special abilities


You were on level 1 of the Dungeon.
You visited 1 branch of the dungeon, and saw 2 of its levels.

You collected 38 gold pieces.

Inventory:

Missiles
 g - 28 stones
Scrolls
 e - 2 scrolls of identify {unknown}
 i - a scroll of amnesia {unknown}
 j - a scroll of summoning {unknown}
 k - a scroll of teleportation {unknown}
 l - a scroll of blinking {unknown}
Potions
 a - a potion of haste
 b - a potion of heal wounds
 c - 2 potions of lignification
 d - 2 potions of cancellation {unknown}
 f - a potion of flight {unknown}
 h - a potion of curing {unknown}


   Skills:
 + Level 1.9 Fighting
 + Level 2.0 Dodging
 - Level 4.0 Stealth
 + Level 2.6 Unarmed Combat
 - Level 2.0 Spellcasting
 + Level 2.8 Translocations
 - Level 1.1 Evocations


You had 6 spell levels left.
You didn't know any spells.
Your spell library was empty.

Dungeon Overview and Level Annotations

Branches:
Dungeon (2/15)

Altars:


Innate Abilities, Weirdness & Mutations

You have sharp claws.
You have razor-sharp teeth.
You have supernaturally acute eyesight. (SInv)
You cover ground quickly. (Speed+)
You are covered in fur. (AC +1)
Your paws help you pounce on unaware monsters.
You are incapable of wielding weapons or throwing items.
You cannot wear armour.
You gain extra lives every three experience levels.


Message History

You scratch the adder.
The adder is almost dead.
The adder misses you.
You closely miss the adder.
The adder is almost dead.
The adder closely misses you. The adder completely misses you.
You scratch the adder.
You kill the adder!
Your life force feels restored.
Your Dodging skill increases to level 2!
HP restored.
Done exploring.
There is a stone staircase leading down here.
You climb downwards.
The hobgoblin hits you.
The orc hits you with a +0 short sword of draining.
You feel drained.
There is a stone staircase leading up here.
The hobgoblin completely misses you. The orc misses you.
You climb upwards.
There is a stone staircase leading down here.
You don't know any spells.
You scratch the hobgoblin.
The hobgoblin is almost dead.
You closely miss the hobgoblin.
The hobgoblin is almost dead.
The hobgoblin completely misses you.
You scratch the hobgoblin.
You kill the hobgoblin!
You barely miss the orc.
The orc hits you with a +0 short sword of draining.
You feel drained.
You scratch the orc.
The orc is lightly wounded.
The orc closely misses you.
You scratch the orc. You bite the orc.
The orc is severely wounded.
The orc hits you with a +0 short sword of draining.
* * * LOW HITPOINT WARNING * * *
You feel drained.
You die...

.### #.....# #...#
.#############
#.### .##.....##
#.# .##......####
#.# .##.#.......###
#.# ......#.......#
#.# ###.###..##.#>#
#.#
#....†.##.#.#####.#
######.##....o@...#
## #.####.#######
.# #......# .#
######## .# ##


You could see an orc.

Vanquished Creatures
  2 adders
  2 dart slugs (D:1)
  5 ball pythons
  3 bats
  2 endoplasms (D:1)
  3 goblins (D:1)
  4 hobgoblins
  3 jackals (D:2)
  3 kobolds (D:1)
  2 rats
29 creatures vanquished.

Notes
Turn   | Place    | Note
-------+----------+-------------------------------------------
     0 | D:1      | Descartes the Felid Wanderer began the quest for the Orb.
     0 | D:1      | Descartes set off with the following items: a potion of
                  | haste, a potion of heal wounds, 2 potions of lignification
     0 | D:1      | Reached XP level 1. HP: 9/9 MP: 4/4
   363 | D:1      | Reached skill level 1 in Dodging
   363 | D:1      | Reached XP level 2. HP: 7/12 MP: 6/6
  1480 | D:2      | Reached XP level 3. HP: 16/16 MP: 7/7
  1510 | D:2      | Found a faded altar of an unknown god.
  2170 | D:1      | Slain by an orc

Illustrated notes

Levels and vault maps discovered:
D:1:      minmay_arrival_jagged, layout_loops_cross
D:2:      layout_loops_ring, serial_shops, shop,
          dreamdust_ecumenical_altar_grove

Skill      XL: |  1  2  3 |
---------------+----------+-----
Dodging        | 1 2 |  2.0
Translocations | 2 |  2.8
Fighting       | |  1.9
Stealth        | |  4.0
Unarmed Combat | |  2.6
Spellcasting   | |  2.0
Evocations     | |  1.1

Action                   || total
-------------------------++-------
Melee: Unarmed           ||   111
       Bite              ||     6
       Punch             ||     2
  Use: Potion            ||     1
 Stab: Sleeping          ||     8
Armor: Skin              ||     7
Dodge: Dodged            ||    78
